 Dungeon Crawl Stone Soup version 0.29.1 (webtiles) character file.

Game seed: 11641909461706140389

2065 xian the Shooter (level 9, 0/93 HPs)
             Began as an Ogre Berserker on Sept 14, 2022.
             Was an Elder of Trog.
             Slain by a steam dragon (6 damage)
             ... on level 6 of the Dungeon.
             The game lasted 00:11:54 (5381 turns).

xian the Shooter (Ogre Berserker)                   Turns: 5381, Time: 00:11:54

Health: 0/93       AC:  3    Str: 30    XL:     9   Next: 26%
Magic:  0/9        EV: 10    Int:  8    God:    Trog [****..]
Gold:   225        SH:  0    Dex:  8    Spells: 8/8 levels left

rFire   + . .      SeeInvis .   C - +7 lajatang "Xacany" {elec, *Rage Fly rC+ Str+3}
rCold   + . .      Faith    .   (shield currently unavailable)
rNeg    . . .      Spirit   +   b - +0 animal skin
rPois   .          Reflect  .   (helmet restricted)
rElec   .          Harm     .   (no cloak)
rCorr   .          Rampage  .   (gloves unavailable)
Will    .....      Rage     20% (boots unavailable)
Stlth   ++........              x - amulet of guardian spirit
HPRegen 0.25/turn               f - +4 ring of slaying
MPRegen 0.11/turn               i - ring of protection from fire

@: on berserk cooldown, flying, hasted and slowed
A: large, unfitting armour, tough skin 1
a: Renounce Religion, Berserk, Trog's Hand, Brothers in Arms


You were on level 6 of the Dungeon.
You worshipped Trog.
Trog was greatly pleased with you.
You visited 1 branch of the dungeon, and saw 6 of its levels.

You collected 245 gold pieces.
You spent 20 gold pieces at shops.

Inventory:

Hand Weapons
 q - the +7 shortbow of Valuable Assets {flame, rElec rC- Will+ Stlth+}
   (You took it off an orc on level 3 of the Dungeon)

   Any ammunition fired from it burns those it strikes, dealing additional fire
   damage.
   rC:        It makes you vulnerable to cold.
   rElec:     It insulates you from electricity.
   Will:      It increases your willpower.
   Stlth:     It makes you more stealthy.
 C - the +7 lajatang "Xacany" (weapon) {elec, *Rage Fly rC+ Str+3}
   (You found it on level 6 of the Dungeon)

   It occasionally discharges a powerful burst of electricity upon striking a
   foe.
   Str:       It affects your strength (+3).
   rC:        It protects you from cold.
   Fly:       It grants you flight.
   *Rage:     It berserks you when you make melee attacks (+20% chance).
Missiles
 l - 10 poisoned darts (quivered)
Armour
 b - a +0 animal skin (worn)
Jewellery
 f - a +4 ring of slaying (left hand)
 i - a ring of protection from fire (right hand)
 x - an amulet of guardian spirit (around neck)
Wands
 y - a wand of charming (8)
 z - a wand of iceblast (11)
 D - a wand of light (2)
Scrolls
 c - 4 scrolls of noise {unknown}
 d - a scroll of enchant armour {unknown}
 g - a scroll of blinking {unknown}
 h - 2 scrolls of magic mapping {unknown}
 o - a scroll of silence {unknown}
 p - 4 scrolls of fear {unknown}
 r - a scroll of brand weapon
 t - a scroll of fog
 v - a scroll of immolation
 w - a scroll of teleportation
Potions
 a - a potion of brilliance {unknown}
 e - a potion of lignification
 j - 2 potions of curing {unknown}
 k - a potion of mutation {unknown}
 m - a potion of degeneration {unknown}
 n - 3 potions of might {unknown}
 s - a potion of attraction {unknown}
 u - a potion of haste
 A - a potion of ambrosia {unknown}
 B - a potion of flight {unknown}


   Skills:
 + Level 7.0 Fighting
 + Level 4.8 Axes
 + Level 0.2 Staves
 * Level 7.1 Ranged Weapons
 + Level 3.8 Dodging
 + Level 2.1 Stealth


You had 8 spell levels left.
You didn't know any spells.
Your spell library contained the following spells:

 Spells                   Type           Power      Damage    Failure   Level
 Portal Projectile        Hex/Tloc       0%         N/A       78%         3
 Tukima's Dance           Hex            0%         N/A       78%         3
 Blade Hands              Tmut           0%         N/A       100%        5


Dungeon Overview and Level Annotations

Branches:
Dungeon (6/15)             Temple (0/1) D:6

Altars:
Dithmenos
Elyvilon
Gozag
Trog
Xom
Yredelemnul

Shops:
D:3 *


Innate Abilities, Weirdness & Mutations

You are too large for most types of armour.
You have tough skin. (AC +1)


Message History

The gnoll sergeant hits you with a +0 spear!
The gnoll hits you with a +0 spear! The gnoll hits you with a +0 spear.
The gnoll sergeant hits you with a +0 spear.
You slice the gnoll sergeant!!
You kill the gnoll sergeant!
Trog accepts your kill.
You can now call in reinforcements.
You hear an angry hiss.
The gnoll hits you with a +0 spear! The steam dragon bites you!
* * * LOW HITPOINT WARNING * * *
The steam dragon claws you.
* * * LOW HITPOINT WARNING * * *
The gnoll hits you with a +0 spear.
* * * LOW HITPOINT WARNING * * *
The gnoll misses you. The steam dragon barely misses you. x2
You barely miss the steam dragon. The steam dragon breathes steam at you.
The ball of steam hits the steam dragon.
The steam dragon resists.
The ball of steam hits you. You resist.
* * * LOW HITPOINT WARNING * * *
The gnoll hits you with a +0 spear.
* * * LOW HITPOINT WARNING * * *
The steam dragon breathes steam at you. The ball of steam misses you.
You slice the steam dragon!!
The steam dragon is severely wounded.
The steam dragon bites you.
* * * LOW HITPOINT WARNING * * *
The steam dragon claws you.
* * * LOW HITPOINT WARNING * * *
The gnoll hits you with a +0 spear.
* * * LOW HITPOINT WARNING * * *
The gnoll hits you with a +0 spear!
* * * LOW HITPOINT WARNING * * *
The steam dragon breathes steam at you. The ball of steam misses you.
The steam dragon bites you but does no damage.
The steam dragon barely misses you. The gnoll closely misses you.
It was a potion of haste.
You feel yourself speed up. The steam dragon bites you!
You die...

.# .# .# .#
############# .#
#...........#### .#
#........##....# #
.###
#.........§....#...
...#
#....#...#.Dg#...#
.#.# #.....###§§@D.# .
.#.###.....# #...#.#
.#..)......# +.....'#
...###.÷..#...#####...
##.# #..>.....# #..
.#.# ##.#####.# ###
##.. #.....#.# #####
###.#...# # ..# +.


You could see 2 steam dragons and a gnoll.

Vanquished Creatures
  Pikel (D:4)
  2 orc warriors
  2 black bears
  2 ice beasts (D:6)
  An ogre (D:5)
  2 phantoms (D:5)
  2 lemures (D:4)
  A bullfrog (D:6)
  A gnoll sergeant (D:6)
  4 scorpions
  An orc priest (D:6)
  2 hounds (D:5)
  3 orc wizards
  3 iguanas
  5 adders
  3 shadow imps
  3 white imps
  An ufetubus (D:5)
  5 worms
  3 dart slugs
  21 orcs
  8 ball pythons
  5 bats (D:2)
  12 endoplasms
  6 giant cockroaches
  6 goblins
  13 hobgoblins
  3 quokkas
  2 frilled lizards
  9 kobolds
  5 rats
137 creatures vanquished.

Vanquished Creatures (others)
  4 plants
4 creatures vanquished.

Grand Total: 141 creatures vanquished

Notes
Turn   | Place    | Note
-------+----------+-------------------------------------------
     0 | D:1      | xian the Ogre Berserker began the quest for the Orb.
     0 | D:1      | Reached XP level 1. HP: 24/24 MP: 1/1
   184 | D:1      | Reached XP level 2. HP: 29/32 MP: 2/2
   611 | D:1      | Reached XP level 3. HP: 37/40 MP: 3/3
  1123 | D:2      | Reached ** piety under Trog
  1271 | D:2      | Reached XP level 4. HP: 43/49 MP: 4/4
  1546 | D:2      | Found a white marble altar of Elyvilon.
  2286 | D:3      | Identified the +7 shortbow of Valuable Assets {flame, rElec
                  | rC- Will+ Stlth+}
  2356 | D:3      | Found a faded altar of an unknown god.
  2503 | D:3      | Found Fuoricir's General Store.
  2512 | D:3      | Bought a scroll of identify for 20 gold pieces
  2554 | D:3      | Reached skill level 5 in Fighting
  2561 | D:3      | Reached XP level 5. HP: 57/57 MP: 5/5
  2580 | D:3      | Found an opulent altar of Gozag.
  2741 | D:4      | Reached *** piety under Trog
  2931 | D:4      | Noticed a lemure
  2932 | D:4      | Noticed a lemure
  2932 | D:4      | Noticed a lemure
  2933 | D:4      | Noticed a lemure
  2935 | D:4      | Noticed Pikel
  2937 | D:4      | Killed a lemure
  2940 | D:4      | Killed a lemure
  2979 | D:4      | Killed Pikel
  2980 | D:4      | Reached skill level 1 in Stealth
  2980 | D:4      | Reached XP level 6. HP: 18/66 MP: 6/6
  2980 | D:4      | Reached XP level 7. HP: 20/72 MP: 7/7
  3355 | D:4      | Found a basalt altar of Yredelemnul.
  3487 | D:5      | Entered Level 5 of the Dungeon
  3728 | D:5      | Found a shadowy altar of Dithmenos.
  3762 | D:5      | Reached XP level 8. HP: 50/83 MP: 8/8
  4015 | D:5      | Found a shimmering altar of Xom.
  4015 | D:5      | Found a bloodstained altar of Trog.
  4064 | D:5      | Reached skill level 5 in Ranged Weapons
  4840 | D:6      | Identified the +7 lajatang "Xacany" {elec, *Rage Fly rC+
                  | Str+3}
  4929 | D:6      | Reached **** piety under Trog
  5008 | D:6      | Found a staircase to the Ecumenical Temple.
  5076 | D:6      | Reached XP level 9. HP: 92/92 MP: 9/9
  5381 | D:6      | Slain by a steam dragon

Illustrated notes

Levels and vault maps discovered:
D:1:      lightli_iron_boxes, layout_basic
D:2:      layout_loops_ring, basic_altar, chequers_big_river,
          chequers_serial_rivers_large_a
D:3:      layout_rooms, lemuel_round_altar,
          shapermc_ecumenical_altar_mp_ritualfount, serial_shops, shop
D:4:      layout_rooms, mainiacjoe_overflow_alcove_4, uniq_pikel
D:5:      layout_basic, grunt_dithmenos_shadows, nicolae_overflow_two_pavilions,
          serial_bayou, serial_bayou_ford_a, serial_bayou_shore_b,
          serial_bayou_pond_e, serial_bayou_lagoon_a
D:6:      corexii_shack_village, layout_basic, minmay_temple_entry_butterflies,
          grunt_ministairs_14, minmay_fractal_squares_diagonal_5

Skill      XL: |  1  2  3  4  5  6  7  8  9 |
---------------+----------------------------+-----
Dodging        | 3 |  3.8
Axes           | 4 |  4.8
Fighting       | 5 6 7 |  7.0
Ranged Weapons | 3 4 6 7 |  7.1
Stealth        | 1 2 |  2.1
Staves         | |  0.2

Action                   |  1- 3 |  4- 6 |  7- 9 || total
-------------------------+-------+-------+-------++-------
Melee: Hand axe          |    83 |    46 |       ||   129
       Punch             |     1 |       |       ||     1
       Lajatang          |       |       |    11 ||    11
 Fire: Shortbow          |       |    32 |   112 ||   144
Invok: Berserk           |       |     1 |     1 ||     2
       Trog's Hand       |       |       |     1 ||     1
Evoke: Wand              |       |     1 |       ||     1
  Use: Scroll            |       |     3 |     3 ||     6
       Potion            |       |       |     1 ||     1
 Stab: Distracted        |       |     1 |       ||     1
Armor: Animal skin       |    37 |    13 |     8 ||    58
Dodge: Dodged            |    49 |    34 |    26 ||   109
